 Dungeon Crawl Stone Soup version 0.31.0-11-ge490571c62 (webtiles) character file.

Game seed: 267042643293137734

29 Skitler the Covert (level 3, 0/35 HPs)
             Began as a Gnoll Delver on Feb 3, 2024.
             Slain by a white imp (2 damage)
             ... on level 6 of the Dungeon.
             The game lasted 00:01:06 (391 turns).

Skitler the Covert (Gnoll Delver)                    Turns: 391, Time: 00:01:06

Health: 0/35       AC:  3    Str: 13    XL:     3   Next: 16%
Magic:  4/4        EV: 13    Int:  9    God:
Gold:   0          SH:  5    Dex: 13    Spells: 3/3 levels left

rFire   . . .        i - +0 short sword (drain)
rCold   . . .        (no shield)
rNeg    . . .        b - +0 leather armour
rPois   .            (no helmet)
rElec   .            (no cloak)
rCorr   .            (no gloves)
SInv    .            (no boots)
Will    .....        f - amulet of reflection
Stlth   ++++         (no ring)
HPRegen 0.25/turn    (no ring)
MPRegen 0.09/turn

%: reflection
@: attractive
A: fangs 1, strong nose, distributed training
a: no special abilities


You were on level 6 of the Dungeon.
You visited 1 branch of the dungeon, and saw 2 of its levels.

Inventory:

Hand Weapons
 a - a +0 hand axe
 i - a +0 short sword of draining (weapon)
Armour
 b - a +0 leather armour (worn)
Jewellery
 f - an amulet of reflection (around neck)
Talismans
 k - a dragon-blood talisman
Wands
 g - a wand of digging (3)
Scrolls
 c - a scroll of fog
 d - a scroll of revelation
 e - 2 scrolls of fear
 j - a scroll of immolation {unknown}
 l - 2 scrolls of identify {unknown}


   Skills:
 + Level 6.5 Fighting
 + Level 0.7 Short Blades
 + Level 0.7 Long Blades
 + Level 4.5 Axes
 + Level 0.7 Maces & Flails
 + Level 0.7 Polearms
 + Level 0.7 Staves
 + Level 0.7 Ranged Weapons
 + Level 0.7 Throwing
 + Level 0.7 Armour
 + Level 4.5 Dodging
 + Level 9.5 Stealth
 + Level 0.7 Shields
 + Level 0.7 Unarmed Combat
 + Level 0.7 Spellcasting
 + Level 0.5 Conjurations
 + Level 0.5 Hexes
 + Level 0.5 Summonings
 + Level 0.5 Necromancy
 + Level 0.5 Translocations
 + Level 0.5 Fire Magic
 + Level 0.5 Ice Magic
 + Level 0.5 Air Magic
 + Level 0.5 Earth Magic
 + Level 0.5 Alchemy
 + Level 0.9 Invocations
 + Level 0.7 Evocations
 + Level 0.6 Shapeshifting


You had 3 spell levels left.
You didn't know any spells.
Your spell library was empty.

Dungeon Overview and Level Annotations

Branches:
Dungeon (6/15)
 Temple: D:4-7

Altars:
Qazlal


Innate Abilities, Weirdness & Mutations

You have very sharp teeth.
Your uncanny sense of smell can sniff out nearby items.
Your experience applies equally to all skills.


Message History

The white imp hits you but does no damage.
You hit the white imp but do no damage. The white imp gestures at you.
The puff of frost misses you.
You barely miss the white imp. The white imp closely misses you.
You closely miss the white imp. The white imp gestures at you.
The puff of frost misses you.
You closely miss the white imp.
You bite the white imp, but do no damage.
The white imp gestures at you. The puff of frost hits you!
You hit the white imp but do no damage. The white imp closely misses you.
You hit the white imp but do no damage. You block the white imp's attack.
You barely miss the white imp.
You bite the white imp, but do no damage.
The white imp gestures at you. The puff of frost hits you!
You are too injured to fight recklessly!
You are too injured to fight recklessly!
You are too injured to fight recklessly!
You are too injured to fight recklessly!
You are too injured to fight recklessly!
You hit the white imp but do no damage. The white imp gestures at you.
The puff of frost hits you!
* * * LOW HITPOINT WARNING * * *
It was a potion of attraction.
You feel attractive to monsters. The white imp misses you.
You hit the white imp but do no damage. The white imp gestures at you.
The puff of frost hits you.
* * * LOW HITPOINT WARNING * * *
You hit the white imp.
The white imp is moderately wounded.
The white imp hits you.
* * * LOW HITPOINT WARNING * * *
The white imp freezes you.
You die...

#...#....# #.#.# #
##.##.##.##..# #.#.# #
#............#####.#.# #
#.^##............#.# #
#.##...[.......#.#######
#. ####..###.# #....[..#
#. #..###.######..... #.
#..##.........###. ..
#@.##.........# #.
#.....?5............###.
#.#####..##.............
#..##.........#..#
>..##.........#..#
#..##...<.....#..#
..............#. #
#..##...<........#
.................


You could see a white imp.

Vanquished Creatures
  A hound (D:6)
1 creature vanquished.

Notes
Turn   | Place    | Note
-------+----------+-------------------------------------------
     0 | D:5      | Reached skill level 9 in Stealth
     0 | D:5      | Skitler the Gnoll Delver began the quest for the Orb.
     0 | D:5      | Reached XP level 1. HP: 23/23 MP: 1/1
     2 | D:5      | Found a stormy altar of Qazlal.
    21 | D:6      | Noticed a hound
    40 | D:6      | Killed a hound
    41 | D:6      | Reached XP level 2. HP: 5/29 MP: 1/3
    41 | D:6      | Reached XP level 3. HP: 6/35 MP: 1/4
   391 | D:6      | Slain by a white imp

Illustrated notes

Levels and vault maps discovered:
D:5:      layout_rooms, nicolae_overflow_hidden_temple,
          minmay_temple_entry_drinking_statues, nicolae_grassy_gnolls
D:6:      layout_loops_ring, nicolae_tricolors

Skill      XL: | |
---------------+-+-----
Stealth        | |  9.5
Fighting       | |  6.5
Short Blades   | |  0.7
Long Blades    | |  0.7
Axes           | |  4.5
Maces & Flails | |  0.7
Polearms       | |  0.7
Staves         | |  0.7
Ranged Weapons | |  0.7
Throwing       | |  0.7
Armour         | |  0.7
Dodging        | |  4.5
Shields        | |  0.7
Unarmed Combat | |  0.7
Spellcasting   | |  0.7
Conjurations   | |  0.5
Hexes          | |  0.5
Summonings     | |  0.5
Necromancy     | |  0.5
Translocations | |  0.5
Fire Magic     | |  0.5
Ice Magic      | |  0.5
Air Magic      | |  0.5
Earth Magic    | |  0.5
Alchemy        | |  0.5
Invocations    | |  0.9
Evocations     | |  0.7
Shapeshifting  | |  0.6

Action                     || total
---------------------------++-------
  Melee: Hand axe          ||    16
         Bite              ||     5
         Short sword       ||    10
    Use: Potion            ||     2
 Armour: Leather armour    ||    19
  Dodge: Dodged            ||    16
  Block: Other             ||     1
